 Dungeon Crawl Stone Soup version 0.29.0-4-gdea44cf6ec (webtiles) character file.

Game seed: 1916014809338313643

105 qw the Trooper (level 4, -3/45 HPs)
             Began as an Ogre Enchanter on Sept 3, 2022.
             Slain by Ijyb
             ... wielding a +0 club
              (4 damage)
             ... on level 3 of the Dungeon.
             The game lasted 00:01:43 (3172 turns).

qw the Trooper (Ogre Enchanter)                     Turns: 3172, Time: 00:01:44

Health: -3/45      AC:  3    Str: 14    XL:     4   Next: 83%
Magic:  7/7        EV: 10    Int: 16    God:
Gold:   132        SH:  5    Dex: 15    Spells: 7/7 levels left

rFire   . . .      SeeInvis +   d - +0 hand axe
rCold   . . .      Faith    .   (no shield)
rNeg    . . .      Spirit   .   b - +0 robe
rPois   .          Reflect  +   (helmet restricted)
rElec   .          Harm     .   (no cloak)
rCorr   .          Rampage  .   (gloves unavailable)
Will    .....                   (boots unavailable)
Stlth   ++........              j - amulet of reflection
HPRegen 0.15/turn               f - ring of see invisible
MPRegen 0.10/turn               c - +6 ring of dexterity

@: no status effects
A: large, unfitting armour, tough skin 1
a: no special abilities


You were on level 3 of the Dungeon.
You visited 1 branch of the dungeon, and saw 3 of its levels.

You collected 132 gold pieces.


Innate Abilities, Weirdness & Mutations

You are too large for most types of armour.
You have tough skin. (AC +1)


   Skills:
 - Level 3.5 Fighting
 - Level 0.8 Short Blades
 - Level 3.1 Axes
 + Level 0.1 Throwing
 - Level 1.7 Dodging
 - Level 2.1 Stealth
 - Level 2.4 Spellcasting
 - Level 2.6 Hexes


You had 7 spell levels left.
You didn't know any spells.
Your spell library contained the following spells:

 Spells                   Type           Power      Damage    Failure   Level
 Ensorcelled Hibernation  Hex/Ice        12%        N/A       17%         2
 Confusing Touch          Hex            10%        N/A       21%         3
 Tukima's Dance           Hex            10%        N/A       21%         3
 Dazzling Flash           Conj/Hex       12%        N/A       34%         3

Inventory:

Hand Weapons
 d - a +0 hand axe (weapon)
 e - a +0 club
Missiles
 i - 3 javelins (quivered)
Armour
 b - a +0 robe (worn)
Jewellery
 c - a +6 ring of dexterity (right hand)
 f - a ring of see invisible (left hand)
 j - an amulet of reflection (around neck)
Scrolls
 a - 2 scrolls of identify
Potions
 g - 2 potions of might
 m - a potion of lignification {unknown}

Dungeon Overview and Level Annotations

Branches:
Dungeon (3/15)

Altars:
Trog

Annotations:
D:3 Ijyb


Message History

You barely miss Ijyb.
Ijyb is lightly wounded.
Ijyb hits you with a +0 club!
You barely miss Ijyb.
Ijyb is lightly wounded.
You block Ijyb's attack.
You closely miss Ijyb.
Ijyb is lightly wounded.
You hit Ijyb but do no damage.
Ijyb is lightly wounded.
Ijyb hits you with a +0 club.
You barely miss Ijyb.
Ijyb is lightly wounded.
Ijyb barely misses you.
You barely miss Ijyb.
Ijyb is lightly wounded.
Ijyb hits you with a +0 club.
You hit Ijyb but do no damage.
Ijyb is lightly wounded.
Ijyb closely misses you.
You closely miss Ijyb. Ijyb hits you with a +0 club.
You closely miss Ijyb.
You feel less porcine.
Your +0 hand axe unmelds from your body.
Your +0 robe unmelds from your body.
Your ring of see invisible unmelds from your body.
Your +6 ring of dexterity unmelds from your body.
You feel agile. Ijyb hits you with a +0 club!
You hit Ijyb but do no damage.
Ijyb zaps a wand.
You resist with some effort.
You barely miss Ijyb. Ijyb hits you with a +0 club.
You completely miss Ijyb. Ijyb hits you with a +0 club.
You hit Ijyb.
Ijyb is moderately wounded.
Ijyb hits you with a +0 club.
You die...

#.#### #.<..# #.#
##.....# ..# ##.##.#
### .# # # ## # ### #
... .# # ###.#
######...# # ###...#
####..@gw.#
###...#####....######
#....)......####
...########## ..##
.## ....# ..#.. ..#
##


You could see Ijyb and a dart slug.

Vanquished Creatures
  An orc priest (D:3)
  A gnoll (D:1)
  An adder (D:2)
  A worm (D:2)
  A dart slug (D:2)
  4 orcs (D:3)
  4 endoplasms
  2 giant cockroaches (D:1)
  2 goblins
  4 hobgoblins
  4 jackals (D:3)
  5 kobolds
  3 quokkas
  2 ball pythons (D:1)
  2 bats (D:1)
  5 frilled lizards
  4 rats
46 creatures vanquished.

Notes
Turn   | Place    | Note
-------+----------+-------------------------------------------
     0 | D:1      | qw the Ogre Enchanter began the quest for the Orb.
     0 | D:1      | Reached XP level 1. HP: 16/16 MP: 3/3
     0 | D:1      | 0 ||| qw: Version: 0.1-a-102-g441f92d
     0 | D:1      | 0 ||| qw: Game counter: 5064
     0 | D:1      | 0 ||| qw: Always use a shield: true
     0 | D:1      | 0 ||| qw: God list: Okawaru
     0 | D:1      | 0 ||| qw: Allow faded altars: false
     0 | D:1      | 0 ||| qw: Do Orc after D:15 true
     0 | D:1      | 0 ||| qw: Do second Lair branch before Depths: true
     0 | D:1      | 0 ||| qw: Lair rune preference: random
     0 | D:1      | 0 ||| qw: Plans: Normal
     0 | D:1      | 0 ||| PLANNING D:1-11
    14 | D:1      | 14 ||| Stepping ~*~*~tactically~*~*~ (stealth).
   250 | D:1      | 250 ||| Stepping ~*~*~tactically~*~*~ (stealth).
   251 | D:1      | 251 ||| Stepping ~*~*~tactically~*~*~ (stealth).
   257 | D:1      | 257 ||| SWAPPING to +0 whip.
   258 | D:1      | 258 ||| DROPPING +1 dagger.
   274 | D:1      | Reached skill level 1 in Axes
   409 | D:1      | Reached skill level 1 in Fighting
   601 | D:1      | 601 ||| SWAPPING to +0 long sword.
   629 | D:1      | Reached XP level 2. HP: 27/27 MP: 5/5
   640 | D:1      | 640 ||| Stepping ~*~*~tactically~*~*~ (stealth).
   668 | D:1      | 668 ||| Stepping ~*~*~tactically~*~*~ (outnumbered).
   685 | D:1      | 685 ||| Stepping ~*~*~tactically~*~*~ (stealth).
   901 | D:1      | 901 ||| DROPPING +4 dagger.
   927 | D:1      | 927 ||| Stepping ~*~*~tactically~*~*~ (hiding).
   928 | D:1      | 928 ||| Stepping ~*~*~tactically~*~*~ (hiding).
   938 | D:1      | Reached XP level 3. HP: 9/35 MP: 6/6
  1388 | D:1      | 1388 ||| UPGRADING to amulet of reflection.
  1452 | D:1      | 1452 ||| UPGRADING to ring of see invisible.
  1453 | D:1      | 1453 ||| READING scroll labelled MUOGOCS TEZYHA.
  1454 | D:1      | 1454 ||| READING scroll labelled ERUSTR FETZYEPN.
  1455 | D:1      | 1455 ||| READING scroll labelled HUFESA TUEJA.
  1456 | D:1      | 1456 ||| READING scroll labelled VALASYSTRUM.
  1457 | D:1      | 1457 ||| DRINKING 2 fizzy yellow potions.
  1458 | D:1      | 1458 ||| DROPPING 2 potions of invisibility.
  1677 | D:2      | Found a faded altar of an unknown god.
  1694 | D:2      | 1694 ||| Stepping ~*~*~tactically~*~*~ (stealth).
  1695 | D:2      | 1695 ||| Stepping ~*~*~tactically~*~*~ (stealth).
  2116 | D:2      | 2116 ||| SWAPPING to +0 trident.
  2117 | D:2      | 2117 ||| DROPPING +0 whip.
  2118 | D:2      | 2118 ||| DROPPING +1 long sword.
  2175 | D:2      | 2175 ||| Stepping ~*~*~tactically~*~*~ (reaching).
  2176 | D:2      | 2176 ||| Stepping ~*~*~tactically~*~*~ (reaching).
  2178 | D:2      | 2178 ||| Stepping ~*~*~tactically~*~*~ (reaching).
  2179 | D:2      | 2179 ||| Stepping ~*~*~tactically~*~*~ (reaching).
  2181 | D:2      | 2181 ||| Stepping ~*~*~tactically~*~*~ (reaching).
  2182 | D:2      | 2182 ||| Stepping ~*~*~tactically~*~*~ (reaching).
  2184 | D:2      | 2184 ||| Stepping ~*~*~tactically~*~*~ (reaching).
  2186 | D:2      | 2186 ||| Stepping ~*~*~tactically~*~*~ (reaching).
  2187 | D:2      | 2187 ||| Stepping ~*~*~tactically~*~*~ (reaching).
  2189 | D:2      | 2189 ||| Stepping ~*~*~tactically~*~*~ (reaching).
  2190 | D:2      | 2190 ||| Stepping ~*~*~tactically~*~*~ (reaching).
  2192 | D:2      | 2192 ||| Stepping ~*~*~tactically~*~*~ (reaching).
  2193 | D:2      | 2193 ||| Stepping ~*~*~tactically~*~*~ (reaching).
  2195 | D:2      | 2195 ||| Stepping ~*~*~tactically~*~*~ (reaching).
  2196 | D:2      | 2196 ||| Stepping ~*~*~tactically~*~*~ (reaching).
  2419 | D:2      | 2419 ||| DROPPING orb of light.
  2420 | D:2      | 2420 ||| UPGRADING to +6 ring of dexterity.
  2421 | D:2      | 2421 ||| READING scroll labelled JEUDWI NIUCWUNK.
  2422 | D:2      | 2422 ||| READING scroll labelled MILAEKHL WACEW.
  2423 | D:2      | 2423 ||| READING 2 scrolls of identify.
  2423 | D:2      | 2423 ||| IDENTIFYING green potion
  2424 | D:2      | 2424 ||| Stepping randomly (stuck).
  2425 | D:2      | 2425 ||| Stepping ~*~*~tactically~*~*~ (cloud).
  2692 | D:3      | Found a bloodstained altar of Trog.
  2694 | D:3      | 2694 ||| Stepping ~*~*~tactically~*~*~ (stealth).
  2708 | D:3      | 2708 ||| Stepping ~*~*~tactically~*~*~ (hiding).
  2710 | D:3      | 2710 ||| Stepping ~*~*~tactically~*~*~ (stealth).
  2713 | D:3      | Reached skill level 3 in Axes
  2713 | D:3      | Reached XP level 4. HP: 39/42 MP: 7/7
  2715 | D:3      | 2715 ||| Stepping ~*~*~tactically~*~*~ (stealth).
  2732 | D:3      | 2732 ||| Stepping ~*~*~tactically~*~*~ (stealth).
  2736 | D:3      | 2736 ||| Stepping ~*~*~tactically~*~*~ (hiding).
  2760 | D:3      | HP: 2/44 [orc priest/nerve-wracking pain (13)]
  2761 | D:3      | 2761 ||| DRINKING potion of heal wounds.
  2766 | D:3      | HP: 5/44 [orc priest/nerve-wracking pain (14)]
  2769 | D:3      | Reached skill level 3 in Fighting
  3030 | D:3      | 3030 ||| SWAPPING to +0 hand axe.
  3031 | D:3      | 3031 ||| DROPPING +0 trident.
  3140 | D:3      | Noticed Ijyb
  3167 | D:3      | HP: 11/45 [Ijyb/+0 club (6)]
  3168 | D:3      | HP: 5/45 [Ijyb/+0 club (7)]
  3171 | D:3      | HP: 1/45 [Ijyb/+0 club (3)]
  3172 | D:3      | Slain by Ijyb

Levels and vault maps discovered:
D:1:      heliophobic_arrival_ceremonial_halls, layout_rooms,
          hangedman_glass_teeth, minmay_tromino_i2
D:2:      layout_loops_ring, shapermc_ecumenical_altar_mp_urbaneastern,
          kennysheep_cluttered_room, kennysheep_generic_room_2
D:3:      layout_rooms, lemuel_tele_altar, uniq_ijyb

Skill      XL: |  1  2  3  4 |
---------------+-------------+-----
Axes           | 1 2 3 |  3.1
Fighting       | 1 2 3 |  3.5
Short Blades   | |  0.8
Throwing       | |  0.1
Dodging        | |  1.7
Stealth        | |  2.1
Spellcasting   | |  2.4
Hexes          | |  2.6

Action                   |  1- 3 |  4- 6 || total
-------------------------+-------+-------++-------
Melee: Whip              |    32 |       ||    32
       Dagger            |    22 |       ||    22
       Long sword        |    61 |       ||    61
       Trident           |    17 |    32 ||    49
       Hand axe          |       |    36 ||    36
       Unarmed           |       |    20 ||    20
       Punch             |       |     2 ||     2
Throw: Javelin           |    21 |     6 ||    27
  Use: Scroll            |     7 |       ||     7
       Potion            |     1 |     1 ||     2
 Stab: Sleeping          |     1 |       ||     1
Armor: Robe              |    38 |    10 ||    48
Dodge: Dodged            |    64 |    31 ||    95
Block: Other             |     5 |    24 ||    29

Table legend:
 A = Non-vault XP
 B = Vault XP
 C = Vault XP percentage of total XP
 D = Non-vault monster count
 E = Vault monster count
 F = Vault count percentage of total count
                 A         B        C        D         E       F
            +---------+---------+-------+---------+---------+-------
      Total |     143 |       8 |   5.3 |      43 |       3 |   6.5
            +---------+---------+-------+---------+---------+-------
        D:1 |      41 |       1 |   2.4 |      20 |       1 |   4.8
        D:2 |      26 |       7 |  21.2 |       7 |       2 |  22.2
        D:3 |      76 |       0 |   0.0 |      16 |       0 |   0.0
            +---------+---------+-------+---------+---------+-------
